 Dungeon Crawl Stone Soup version 0.28-a0-1415-g7c84da036a (webtiles) character file.

Game seed: 14406282148195225255

404662 flotson the Warrior (level 22, -2/185 HPs)
             Began as a Demonspawn Gladiator on Jan 7, 2022.
             Was an Initiate of Gozag.
             Slain by an ettin (5 damage)
             ... while petrified by an ancient lich
             ... on level 5 of the Vaults.
             The game lasted 01:58:39 (69271 turns).

flotson the Warrior (Demonspawn Gladiator)         Turns: 69271, Time: 01:58:41

Health: -2/185     AC: 43    Str: 25    XL:     22   Next: 35%
Magic:  0/34       EV:  2    Int: 17    God:    Gozag
Gold:   3084       SH:  0    Dex: 14    Spells: 10/37 levels left

rFire   + + +      SeeInvis +   a - +10 morningstar "Eos" {elec, Halo rElec}
rCold   + . .      Faith    .   G - +0 kite shield {AC+3}
rNeg    + + +      Spirit   +   c - +8 orange crystal plate armour {Archmagi, Int+3 Clar}
rPois   ∞          Reflect  .   I - +1 hat {SInv}
rElec   +          Harm     .   u - +1 cloak of Starlight {*Dazzle EV+4 Stlth--}
rCorr   .          Rampage  .   h - +2 pair of gloves {infuse}
Will    ++...      Archmagi +   X - +0 pair of boots "Qyuf" {rN+ Str+3 Int+3 Dex-5}
Stlth   .......... Clarity  +   K - amulet "Jatitzy" {Spirit rF+ SInv}
HPRegen 0.40/turn               k - ring "Pism" {rPois rF+ rC+ SInv}
MPRegen 0.24/turn               j - +4 ring of slaying

@: petrified, corroded, gold aura, glowing
A: molten scales 3, demonic guardian 1, spiny 3, demonic willpower, demonic
touch 2, agile 1
}: 2/15 runes: serpentine, gossamer
a: Renounce Religion, Potion Petition, Call Merchant, Bribe Branch


You were on level 5 of the Vaults.
You worshipped Gozag.
Gozag was most pleased with you.
You visited 7 branches of the dungeon, and saw 38 of its levels.
You visited the Abyss 2 times.
You visited 1 bazaar.

You collected 19200 gold pieces.
You spent 10736 gold pieces at shops.
You paid 5380 gold pieces to Gozag.

Inventory:

Hand Weapons
 a - the +10 morningstar "Eos" (weapon) {elec, Halo rElec}
   (You bought it in a shop on level 15 of the Dungeon)

   It occasionally discharges a powerful burst of electricity upon striking a
   foe.
   It grants its wielder a halo, increasing accuracy against those within it.
   rElec:     It insulates you from electricity.
Missiles
 d - 3 boomerangs of dispersal
 v - 12 javelins (quivered)
 A - 25 curare-tipped darts
 C - 5 throwing nets
 Z - 5 atropa-tipped darts
Armour
 c - the +8 orange crystal plate armour (worn) {Archmagi, Int+3 Clar}
   (You bought it in a shop in a bazaar)

   Int:       It affects your intelligence (+3).
   Clar:      It protects you against confusion.
 h - a +2 pair of gloves of infusion (worn)
 u - the +1 cloak of Starlight (worn) {*Dazzle EV+4 Stlth--}
   (You acquired it on level 14 of the Dungeon)

   It may blind those who miss an attack against the wearer in melee combat.
   EV:        It affects your evasion (+4).
   Stlth:     It makes you much less stealthy.
 G - a +0 kite shield of protection (worn)
 I - a +1 hat of see invisible (worn)
 X - the +0 pair of boots "Qyuf" (worn) {rN+ Str+3 Int+3 Dex-5}
   (You bought it in a shop on level 15 of the Dungeon)

   Str:       It affects your strength (+3).
   Int:       It affects your intelligence (+3).
   Dex:       It affects your dexterity (-5).
   rN:        It protects you from negative energy.
Jewellery
 j - a +4 ring of slaying (right hand)
 k - the ring "Pism" (left hand) {rPois rF+ rC+ SInv}
   (You bought it in a shop on level 2 of the Elven Halls)

   [ring of protection from fire]

   rF:        It protects you from fire.
   rC:        It protects you from cold.
   rPois:     It protects you from poison.
   SInv:      It lets you see invisible.
 r - an amulet of reflection
 s - a ring of resist corrosion
 K - the amulet "Jatitzy" (around neck) {Spirit rF+ SInv}
   (You acquired it on level 2 of the Orcish Mines)

   [amulet of guardian spirit]

   It causes incoming damage to be divided between your reserves of health and
   magic.
   rF:        It protects you from fire.
   SInv:      It lets you see invisible.
 O - a ring of flight
Wands
 b - a wand of charming (23)
 y - a wand of iceblast (59)
 F - a wand of mindburst (5)
 R - a wand of paralysis (9)
 Y - a wand of digging (16)
Scrolls
 g - 2 scrolls of blinking
 n - 5 scrolls of summoning
 t - 4 scrolls of fear
 w - 4 scrolls of magic mapping
 x - 6 scrolls of immolation
 z - 3 scrolls of identify
 D - a scroll of silence
 E - 6 scrolls of teleportation
 H - 8 scrolls of fog
 L - 5 scrolls of torment
 S - 2 scrolls of holy word
 V - 5 scrolls of vulnerability
Potions
 e - 4 potions of attraction
 f - 9 potions of curing
 i - 4 potions of berserk rage
 l - 8 potions of lignification
 p - 6 potions of might
 q - 7 potions of haste
 B - 3 potions of resistance
Miscellaneous
 m - a phial of floods
 o - a condenser vane
 M - a tin of tremorstones (2/2)
 P - a lightning rod (4/4)


   Skills:
 + Level 18.5 Fighting
 - Level 11.2(14.3) Axes
 - Level 14.5(16.0) Maces & Flails
 - Level 10.9 Throwing
 + Level 14.8 Armour
 - Level 13.7 Dodging
 + Level 13.8 Shields
 + Level 8.3 Spellcasting
 + Level 9.1 Summonings
 - Level 11.7 Evocations


You had 10 spell levels left.
You knew the following spells:

 Your Spells              Type           Power      Damage    Failure   Level
a - Summon Small Mammal   Summ           100%       N/A       12%         1
b - Call Canine Familiar  Summ           54%        N/A       34%         3
c - Summon Lightning Spi  Summ/Air       33%        N/A       100%        4
d - Summon Guardian Gole  Hex/Summ       33%        N/A       93%         3
e - Summon Forest         Summ/Tloc      16%        N/A       100%        5
f - Summon Mana Viper     Hex/Summ       33%        N/A       100%        5
g - Summon Cactus Giant   Summ           27%        N/A       100%        6

Your spell library contained the following spells:

 Spells                   Type           Power      Damage    Failure   Level
 Foxfire                  Conj/Fire      40%        2x1d6     99%         1
 Freeze                   Ice            40%        1d6       99%         1
 Magic Dart               Conj           40%        1d5       99%         1
 Corpse Rot               Necr/Air       20%        N/A       100%        2
 Scorch                   Fire           20%        2d6       100%        2
 Searing Ray              Conj           20%        2d5       100%        2
 Static Discharge         Conj/Air       10%        N/A       100%        2
 Conjure Flame            Conj/Fire      10%        6-21      100%        3
 Dazzling Flash           Conj/Hex       20%        N/A       100%        3
 Frozen Ramparts          Ice            20%        1d4       100%        3
 Inner Flame              Hex/Fire       10%        N/A       100%        3
 Portal Projectile        Hex/Tloc       20%        N/A       100%        3
 Airstrike                Air            5%         N/A       100%        4
 Animate Armour           Summ/Erth      66%        N/A       100%        4
 Animate Dead             Necr           5%         N/A       100%        4
 Cause Fear               Hex            5%         N/A       100%        4
 Dispel Undead            Necr           10%        3d9       100%        4
 Flame Wave               Conj/Fire      10%        2d5       100%        4
 Fulminant Prism          Conj/Hex       5%         3d7       100%        4
 Hailstorm                Conj/Ice       10%        3d5       100%        4
 Iskenderun's Mystic Bla  Conj/Tloc      10%        2d4       100%        4
 Leda's Liquefaction      Hex/Erth       5%         N/A       100%        4
 Olgreb's Toxic Radiance  Pois           10%        N/A       100%        4
 Petrify                  Tmut/Erth      10%        N/A       100%        4
 Sticky Flame             Conj/Fire      10%        2d3       100%        4
 Blade Hands              Tmut           5%         N/A       100%        5
 Borgnjor's Vile Clutch   Necr/Erth      5%         N/A       100%        5
 Excruciating Wounds      Necr           5%         N/A       100%        5
 Lightning Bolt           Conj/Air       5%         1d17      100%        5
 Metabolic Englaciation   Hex/Ice        5%         N/A       100%        5
 Death Channel            Necr           5%         N/A       100%        6
 Iron Shot                Conj/Erth      5%         9d2       100%        6
 Starburst                Conj/Fire      5%         6d4       100%        6
 Statue Form              Tmut/Erth      6%         N/A       100%        6
 Dragon Form              Tmut           5%         N/A       100%        7
 Ozocubu's Refrigeration  Ice            5%         4d6       100%        7
 Ignition                 Fire           5%         3d4       100%        8
 Dragon's Call            Summ           27%        N/A       100%        9


Dungeon Overview and Level Annotations

Branches:
Dungeon (15/15)            Temple (0/1) D:7            Lair (6/6) D:11
  Snake (4/4) Lair:2       Spider (4/4) Lair:2        Slime (0/5) Lair:5
    Orc (2/2) D:11            Elf (2/3) Orc:2        Vaults (5/5) D:13
  Crypt (0/3) Vaults:3     Depths (0/4) D:15

Altars:
Ashenzari
Gozag
Hepliaklqana
Kikubaaqudgha
Qazlal
Wu Jian
The Shining One

Shops:
D:10 ?   D:15 ?[**   Orc:2 [*(?   Elf:2 =:=   Snake:3 (   Snake:4 ***


Innate Abilities, Weirdness & Mutations

You are completely covered in molten scales. (AC +4, rF+)
A weak demonic guardian rushes to your aid.
You are completely covered in sharp spines.
You punish those that try to bend your will. (Will+)
Your touch may inflict irresistible damage on your foes.
You are agile. (Dex +2)


Message History

A demonic guardian appears!
The ettin hits you but does no damage. You block the ettin's attack.
You have turned to stone.
The vault warden is no longer distracted by gold.
The ancient lich is struck by your spines.
The ancient lich touches you but does no damage.
The vault warden hits you but does no damage.
The ettin is distracted by your dazzling golden aura.
Your hellwing hits the ettin.
The ettin is no longer distracted by gold.
Your hellwing hits the ettin.
The ancient lich is distracted by your dazzling golden aura.
The vault warden is struck by your spines.
The vault warden hits you with a +1 dire flail!!
* * * LOW HITPOINT WARNING * * *
The ettin is distracted by your dazzling golden aura.
Your hellwing hits the ettin but does no damage.
The ettin is no longer distracted by gold.
Your hellwing hits the ettin.
The ancient lich shouts!
The vault warden hits you but does no damage.
The ettin hits your hellwing with a +0 dire flail!
The ettin hits your hellwing but does no damage.
Your hellwing hits the ettin. x2
The vault warden hits you but does no damage.
The ettin hits your hellwing with a +0 dire flail!! x2
Your hellwing dies!
Your hellwing disappears in a puff of smoke!
The ancient lich is no longer distracted by gold.
The ancient lich touches you but does no damage.
The vault warden hits you with a +1 dire flail.
The ettin hits you but does no damage. x2
The ancient lich touches you but does no damage.
The vault warden is distracted by your dazzling golden aura.
The ancient lich touches you but does no damage.
The ettin is struck by your spines.
The ettin hits you with a +0 dire flail!
* * * LOW HITPOINT WARNING * * *
The ettin hits you with a +0 dire flail!
You die...
Your body crumbles into a pile of gold.

.......# #)(|.|.#..
.......# ##########
....##.#.. ........ #####
#... ## ........ #... .#
#'####. #.... ..# $ $ #.
#....######..# $ $ #.
.#....#.§§$p..# $$ #.
....[....C@L..# $ $ #.
........###################
.........................).
...........................
###########################


You could see an ancient lich (fast, invisible), a vault warden (unaware) and an
ettin.

Vanquished Creatures
  A dread lich (Vaults:5)
  An ancient lich (Vaults:5)
  Vashnia (Snake:4)
  Bai Suzhen (Spider:3)
  Arachne (Spider:3)
  A tentacled monstrosity (Vaults:5)
  5 titans (Vaults:5)
  Asterion (Lair:2)
  2 tentacled starspawn (Abyss:3)
  3 ancient champions (Vaults:3)
  7 sphinxes
  2 shadow dragons (Vaults:5)
  A storm dragon (Vaults:4)
  Kirke (Snake:1)
  A tengu reaver (Vaults:5)
  3 nagarajas (Snake:4)
  3 fire giants
  7 emperor scorpions
  3 deep elf sorcerers (Vaults:5)
  A frost giant (Vaults:5)
  Aizul (Snake:2)
  10 vault wardens
  5 ghost moths
  Louise (Spider:3)
  An orc warlord (Orc:2)
  A ghoul (D:14)
  21 ironbound preservers
  A caustic shrike skeleton (Abyss:3)
  8 stone giants
  4 war gargoyles
  3 broodmothers
  The ghost of Toseom the Eclecticist, a journeyman DjCj of Makhleb (Lair:6)
  10 very ugly things
  3 ironbound thunderhulks
  An eleionoma (shapeshifter) (Vaults:5)
  Azrael (D:12)
  6 entropy weavers
  Nessos (D:14)
  5 spark wasps
  3 deep elf demonologists
  16 dire elephants
  2 deep elf annihilators
  A minotaur (Lair:6)
  2 crystal guardians (Vaults:2)
  3 deep elf death magi
  The ghost of oldriver the Convoker, a journeyman FeSu of Gozag (Spider:1)
  5 ettins
  A spriggan zombie (Abyss:2)
  14 yaktaur captains
  A deep elf high priest (Vaults:5)
  Fannar (D:10)
  9 naga warriors
  4 salamander tyrants
  21 vault guards
  3 great orbs of eyes
  9 hydras
  Harold (Orc:1)
  A jorogumo (Spider:4)
  4 peacekeepers
  9 anacondas
  5 ogre magi
  5 radroaches
  Erica (D:10)
  4 centaur warriors
  A two-headed ogre (shapeshifter) (Vaults:5)
  5 boulder beetles
  11 ironbound frosthearts
  A death knight (D:12)
  A thrashing horror (Abyss:2)
  18 two-headed ogres
  A tengu warrior (D:14)
  4 hell hogs
  A vampire mage (Vaults:3)
  7 naga sharpshooters
  8 death yaks
  A soul eater (Abyss:3)
  10 shock serpents
  14 deep elf knights
  A shadow wraith (D:13)
  5 pharaoh ants
  A titan skeleton (Abyss:2)
  4 wretched stars
  2 sun moths (Spider:4)
  5 steelbarb worms
  A sea snake (shapeshifter) (Vaults:5)
  2 sixfirhies (Abyss:2)
  An iron troll (D:13)
  15 skeletal warriors
  3 salamander mystics
  13 sea snakes (Snake:4)
  51 deep trolls
  A goliath frog (Lair:6)
  11 orb spiders
  6 wizards
  5 naga ritualists
  14 starcursed masses
  5 deep elf archers
  A flayed ghost (Abyss:2)
  12 ironbound convokers
  2 phantasmal warriors
  24 deep elf pyromancers
  A harpy (Vaults:3)
  A necromancer (Vaults:4)
  8 lindwurms
  3 orc knights
  14 ugly things
  24 wolf spiders
  A mana viper (shapeshifter) (D:13)
  17 deep elf zephyrmancers
  An oklob plant (Lair:5)
  A wolf spider zombie (D:14)
  2 salamanders (shapeshifter)
  2 orc sorcerers
  5 mana vipers
  22 slime creatures
  12 salamanders
  4 moths of wrath
  6 cyclopes
  2 human skeletons (Vaults:4)
  2 manticores
  An elephant (shapeshifter) (Vaults:5)
  Maurice (D:8)
  12 elephants
  25 black mambas
  A fire giant skeleton (Vaults:4)
  8 guardian serpents
  5 torpor snails
  2 eyes of devastation (shapeshifter) (Vaults:5)
  5 naga magi
  An orange demon (Abyss:2)
  20 vault sentinels
  3 gargoyles
  2 kobold demonologists (D:11)
  21 cane toads
  A rime drake (Lair:6)
  An efreet (D:12)
  2 unseen horrors (D:12)
  Psyche (D:9)
  13 komodo dragons
  9 demonic crawlers
  2 freezing wraiths
  30 yaktaurs
  2 ancient zymes (Abyss:2)
  A tengu conjurer (D:14)
  A queen bee (Spider:3)
  A guardian mummy (D:14)
  3 trolls
  2 tyrant leeches
  18 meliai
  3 polar bears
  A tarantella (shapeshifter) (Vaults:2)
  A tyrant leech (shapeshifter) (Vaults:5)
  5 hornets
  An ettin zombie (Vaults:4)
  44 tarantellas
  26 blink frogs
  3 raiju (Abyss:2)
  An air elemental (Elf:2)
  22 culicivoras
  9 flying skulls
  28 jumping spiders
  A water elemental (Elf:1)
  A vampire (Abyss:3)
  60 yaks
  4 ynoxinuls (Abyss:2)
  3 wraiths
  5 wyverns
  8 fire elementals
  6 hogs (Snake:1)
  5 basilisks
  A redback (shapeshifter) (Vaults:5)
  2 steam dragons
  61 redbacks
  2 neqoxecs (Abyss:3)
  11 vampire mosquitoes
  4 wargs
  21 nagas
  2 acid dragons
  A hell hound (D:12)
  17 water moccasins
  A sky beast (D:6)
  26 orc warriors
  3 black bears
  3 ice beasts
  10 large abominations
  2 necrophages
  35 ogres
  A boggart (Vaults:1)
  5 centaurs
  5 small abominations
  17 wolves
  4 kobold brigands (D:11)
  2 gnoll sergeants
  24 bullfrogs
  2 earth elementals
  A scorpion (D:6)
  11 killer bees (Spider:3)
  3 wights (D:7)
  4 electric eels
  8 centaur zombies
  A quasit (Abyss:3)
  4 hounds
  4 jellies
  15 orc priests
  Crazy Yiuf (D:2)
  A gnoll shaman (D:9)
  2 iron imps (Abyss:2)
  2 bullfrog skeletons (D:6)
  6 iguanas
  20 orc wizards
  8 hell rats
  A killer bee zombie (D:9)
  2 mummies (D:14)
  2 howler monkey zombies
  10 gnolls
  4 adders
  A river rat (D:11)
  A white imp (D:7)
  5 ufetubi
  A dart slug (D:3)
  56 orcs
  7 ball pythons
  7 endoplasms
  6 giant cockroaches
  4 goblins
  6 hobgoblins
  7 jackals
  9 kobolds
  5 quokkas
  4 bats
  4 frilled lizards
  10 rats
  A spectral hobgoblin (D:13)
  A lurking horror (Abyss:3)
  2 starspawn tentacles (Abyss:3)
1592 creatures vanquished.

Vanquished Creatures (collateral kills)
  A vault warden (Vaults:5)
  A ghost moth (Spider:4)
  An ironbound thunderhulk (Vaults:2)
  A centaur warrior (D:15)
  A shock serpent (Snake:4)
  2 orb spiders (Spider:4)
  A naga mage (Snake:3)
  A demonic crawler (Spider:4)
  A slime creature (D:13)
  A tarantella (Spider:3)
  A redback (Spider:4)
  A vampire mosquito (Lair:6)
  An orc warrior (Orc:2)
14 creatures vanquished.

Vanquished Creatures (others)
  A shadow dragon (Vaults:5)
  A fire giant (Vaults:4)
  A naga warrior (Snake:1)
  29 dancing weapons
  A spatial maelstrom (Abyss:3)
  A naga ritualist (Snake:4)
  A deep elf zephyrmancer (Elf:1)
  A deep elf pyromancer (Elf:2)
  A wolf spider (Spider:4)
  A water elemental (Abyss:2)
  A fire elemental (D:12)
  A human (Snake:1)
  A redback (Spider:4)
  A large abomination (Abyss:3)
  An ogre (Vaults:5)
  A bush (Abyss:3)
  55 fungi
  A lurking horror (Abyss:2)
  168 plants
  30 starspawn tentacles
  2 withered plants (D:14)
300 creatures vanquished.

Grand Total: 1906 creatures vanquished

Notes
Turn   | Place    | Note
-------+----------+-------------------------------------------
     0 | D:1      | flotson the Demonspawn Gladiator began the quest for the
                  | Orb.
     0 | D:1      | Reached XP level 1. HP: 16/16 MP: 1/1
   391 | D:1      | Gained mutation: You are partially covered in sharp spines.
                  | [demonic ancestry]
   391 | D:1      | Reached XP level 2. HP: 13/22 MP: 2/2
  1130 | D:2      | Reached XP level 3. HP: 28/28 MP: 3/3
  1254 | D:2      | Found a faded altar of an unknown god.
  1462 | D:2      | Reached skill level 1 in Armour
  1677 | D:2      | Found a runed translucent door.
  1678 | D:2      | Noticed Crazy Yiuf
  1683 | D:2      | Killed Crazy Yiuf
  1684 | D:2      | Reached XP level 4. HP: 34/34 MP: 4/4
  2066 | D:3      | Identified the +0 robe of Uddarey {Contam Rampage Str-5
                  | Archmagi}
  2460 | D:3      | Found a stormy altar of Qazlal.
  2817 | D:4      | Noticed an ogre
  2820 | D:4      | Killed an ogre
  2821 | D:4      | Reached skill level 3 in Fighting
  2821 | D:4      | Reached XP level 5. HP: 41/41 MP: 5/5
  2886 | D:4      | Reached skill level 1 in Evocations
  2982 | D:4      | HP: 1/41 [something (3)]
  2983 | D:4      | Reached XP level 6. HP: 2/47 MP: 6/6
  3552 | D:4      | Found an ancient bone altar of Kikubaaqudgha.
  3556 | D:4      | Found an opulent altar of Gozag.
  3571 | D:4      | Became a worshipper of Gozag Ym Sagoz the Greedy
  3587 | D:4      | Found an ornate altar of the Wu Jian Council.
  3593 | D:4      | Found a broken altar of Ashenzari.
  4030 | D:5      | Entered Level 5 of the Dungeon
  4050 | D:5      | Noticed a yak
  4050 | D:5      | Noticed a yak
  4060 | D:5      | Noticed a yak
  4060 | D:5      | Noticed a yak
  4074 | D:4      | Killed a yak
  4286 | D:4      | Killed a yak
  4287 | D:4      | Gained mutation: You are mostly covered in sharp spines.
                  | [demonic ancestry]
  4287 | D:4      | Reached XP level 7. HP: 25/53 MP: 7/7
  4755 | D:5      | Reached skill level 4 in Fighting
  4922 | D:4      | Killed a yak
  5105 | D:5      | Killed a yak
  5106 | D:5      | Reached XP level 8. HP: 60/60 MP: 8/8
  5629 | D:6      | Reached skill level 5 in Axes
  5726 | D:6      | Reached skill level 5 in Dodging
  5727 | D:6      | Reached skill level 5 in Fighting
  5969 | D:6      | Identified the +8 broad axe of Uxkikyb {spect, Contam rPois
                  | Int+7}
  6033 | D:6      | Reached XP level 9. HP: 64/68 MP: 9/9
  6681 | D:7      | Found a staircase to the Ecumenical Temple.
  6697 | D:7      | Reached skill level 5 in Throwing
  7102 | D:8      | Reached skill level 5 in Evocations
  7122 | D:8      | Reached skill level 6 in Fighting
  7240 | D:8      | Reached skill level 5 in Armour
  7559 | D:8      | Noticed Maurice
  7566 | D:8      | Killed Maurice
  7567 | D:8      | Reached XP level 10. HP: 76/77 MP: 10/10
  8090 | D:9      | Noticed Psyche
  8175 | D:9      | Killed Psyche
  8343 | D:10     | Entered Level 10 of the Dungeon
  8599 | D:10     | Found Jeunkuag's Magic Scroll Shop.
  8618 | D:10     | Bought a scroll of identify for 24 gold pieces
  8618 | D:10     | Bought a scroll of identify for 24 gold pieces
  8618 | D:10     | Bought 3 scrolls of identify for 72 gold pieces
  8618 | D:10     | Bought a scroll of fear for 42 gold pieces
  8618 | D:10     | Bought a scroll of teleportation for 36 gold pieces
  8618 | D:10     | Bought a scroll of teleportation for 36 gold pieces
  8618 | D:10     | Bought a scroll of immolation for 42 gold pieces
  8900 | D:10     | Noticed Erica
  8908 | D:10     | Killed Erica
  8909 | D:10     | Reached skill level 1 in Shields
  9017 | D:10     | Noticed Fannar
  9034 | D:10     | Killed Fannar
  9137 | D:10     | Reached skill level 7 in Fighting
  9410 | D:10     | Noticed a two-headed ogre
  9415 | D:10     | Killed a two-headed ogre
  9638 | D:11     | Found a staircase to the Orcish Mines.
  9643 | D:11     | Gained mutation: You are partially covered in molten
                  | scales. (AC +2) [demonic ancestry]
  9643 | D:11     | Reached XP level 11. HP: 68/84 MP: 11/11
 10059 | D:11     | Identified the +5 short sword "Jaaduol" {freeze, Fly rN+
                  | rCorr Str-2}
 10339 | D:11     | Noticed a death yak
 10340 | D:11     | Found a staircase to the Lair.
 10340 | D:11     | Noticed a death yak
 10342 | D:11     | Noticed a death yak
 10347 | D:11     | Killed a death yak
 10353 | D:11     | Killed a death yak
 10478 | D:11     | Killed a death yak
 10709 | D:11     | Noticed a skeletal warrior
 10710 | D:11     | Noticed a skeletal warrior
 10710 | D:11     | Noticed a skeletal warrior
 10710 | D:11     | Noticed a skeletal warrior
 10712 | D:11     | Killed a skeletal warrior
 11158 | D:10     | Killed a skeletal warrior
 11672 | D:11     | Reached skill level 8 in Fighting
 11760 | D:11     | Killed a skeletal warrior
 12084 | D:11     | Killed a skeletal warrior
 12366 | Lair:1   | Entered Level 1 of the Lair of Beasts
 12383 | Lair:1   | Gained mutation: Your touch may inflict minor irresistible
                  | damage on your foes. [demonic ancestry]
 12383 | Lair:1   | Reached XP level 12. HP: 93/93 MP: 12/12
 12582 | Lair:1   | Noticed a six-headed hydra
 12594 | Lair:1   | Killed a 12-headed hydra
 13525 | Lair:1   | Noticed a six-headed hydra
 13534 | Lair:1   | Killed a six-headed hydra
 13835 | Lair:2   | Noticed a six-headed hydra
 14118 | Lair:2   | Killed a seven-headed hydra
 14136 | Lair:2   | Found a staircase to the Snake Pit.
 14165 | Lair:2   | Reached skill level 5 in Shields
 14570 | Lair:2   | Found a hole to the Spider Nest.
 14639 | Lair:2   | Noticed a death yak
 14639 | Lair:2   | Noticed a death yak
 14641 | Lair:2   | Noticed a death yak
 14641 | Lair:2   | Noticed a death yak
 14642 | Lair:2   | Noticed a death yak
 14647 | Lair:2   | Killed a death yak
 14926 | Lair:1   | Killed a death yak
 14996 | Lair:2   | Killed a death yak
 15001 | Lair:2   | Killed a death yak
 15002 | Lair:2   | Reached skill level 9 in Fighting
 15006 | Lair:2   | Killed a death yak
 15222 | Lair:2   | Noticed an eight-headed hydra
 15233 | Lair:2   | Killed an eight-headed hydra
 15768 | Lair:3   | Gained mutation: A weak demonic guardian rushes to your
                  | aid. [demonic ancestry]
 15768 | Lair:3   | Reached XP level 13. HP: 97/101 MP: 13/13
 18485 | Lair:5   | Found a staircase to the Slime Pits.
 19327 | Lair:6   | Entered Level 6 of the Lair of Beasts
 19653 | Lair:6   | Noticed Toseom's ghost (journeyman DjCj)
 19653 | Lair:6   | Found a runed translucent gate.
 19653 | Lair:6   | Found a runed translucent gate.
 19653 | Lair:6   | Found a runed translucent gate.
 19653 | Lair:6   | Noticed a minotaur
 19655 | Lair:6   | Reached skill level 10 in Fighting
 19995 | Lair:6   | Gained mutation: You are mostly covered in molten scales.
                  | (AC +3) [demonic ancestry]
 19995 | Lair:6   | Reached XP level 14. HP: 107/110 MP: 14/14
 20961 | Lair:6   | Reached skill level 10 in Evocations
 21481 | Lair:6   | Identified a scroll of acquirement
 21482 | Lair:6   | Acquired 514 gold pieces
 21743 | Lair:6   | Killed Toseom's ghost
 22130 | Orc:1    | Entered Level 1 of the Orcish Mines
 22140 | Orc:1    | Noticed Harold
 22149 | Orc:1    | Killed Harold
 22150 | Orc:1    | Reached skill level 10 in Axes
 22326 | Orc:2    | Entered Level 2 of the Orcish Mines
 22339 | Orc:2    | Found a staircase to the Elven Halls.
 23117 | Orc:1    | Reached skill level 10 in Dodging
 23588 | Orc:1    | Reached skill level 11 in Fighting
 23904 | Orc:1    | Reached skill level 10 in Throwing
 24132 | Orc:1    | Reached XP level 15. HP: 118/118 MP: 15/15
 24410 | Orc:2    | Reached skill level 10 in Armour
 24461 | Orc:2    | Found Uraatsett's Antique Armour Boutique.
 24461 | Orc:2    | Found Jenutzuo's Weapon Emporium.
 24462 | Orc:2    | Found Miehuj's General Store.
 24462 | Orc:2    | Found Loateo's Magic Scroll Shop.
 24469 | Orc:2    | Bought a pair of glowing gloves for 240 gold pieces
 24469 | Orc:2    | Bought a runed scale mail for 224 gold pieces
 24493 | Orc:2    | Bought a scroll of acquirement for 832 gold pieces
 24493 | Orc:2    | Bought a scroll of torment for 120 gold pieces
 24493 | Orc:2    | Bought a scroll of vulnerability for 120 gold pieces
 24493 | Orc:2    | Bought a scroll of blinking for 120 gold pieces
 24493 | Orc:2    | Bought a scroll of blinking for 120 gold pieces
 24493 | Orc:2    | Bought a scroll of blinking for 120 gold pieces
 24493 | Orc:2    | Bought a scroll of fear for 56 gold pieces
 24493 | Orc:2    | Bought a scroll of silence for 120 gold pieces
 24493 | Orc:2    | Acquired the amulet "Jatitzy" {Spirit rF+ SInv}
 24501 | Orc:2    | Bought a scroll of summoning for 123 gold pieces
 24501 | Orc:2    | Bought a potion of might for 52 gold pieces
 24693 | Orc:1    | Noticed an orc warlord
 25084 | Orc:2    | Killed an orc warlord
 26711 | D:12     | Noticed Azrael
 26720 | D:12     | Killed Azrael
 28306 | D:13     | Found a gate to the Vaults.
 28363 | D:13     | Found a hazy altar of Hepliaklqana.
 29391 | D:14     | You fall into a shaft and drop 1 floor!
 29391 | D:15     | Entered Level 15 of the Dungeon
 29947 | D:14     | Acquired the +1 cloak of Starlight {*Dazzle EV+4 Stlth--}
 29947 | D:14     | Found the +1 cloak of Starlight {*Dazzle EV+4 Stlth--}
 30889 | D:14     | Noticed Nessos
 30899 | D:14     | Killed Nessos
 31182 | D:15     | Found a staircase to the Depths.
 31182 | D:15     | Noticed a fire giant
 31202 | D:15     | Killed a fire giant
 32159 | D:15     | Bought a scroll of fog for 30 gold pieces
 32161 | D:15     | Bought a bronze chain mail for 294 gold pieces
 32161 | D:15     | Identified the +0 chain mail "Moresouz" {rF++} (You bought
                  | it in a shop on level 15 of the Dungeon)
 32161 | D:15     | Bought a bloodstained leather armour for 217 gold pieces
 32161 | D:15     | Identified the +2 leather armour "Zyasocuiny" {rElec} (You
                  | bought it in a shop on level 15 of the Dungeon)
 32161 | D:15     | Bought a bronze scale mail for 279 gold pieces
 32161 | D:15     | Identified the +6 scale mail "Tyletel" {-Cast rElec Regen+}
                  | (You bought it in a shop on level 15 of the Dungeon)
 32179 | D:15     | Bought a shimmering tin amulet for 170 gold pieces
 32179 | D:15     | Identified the amulet of Dugijip {Spirit -Tele rC+++ MP+9
                  | Str-5} (You bought it in a shop on level 15 of the Dungeon)
 32179 | D:15     | Bought a pair of transparent boots for 323 gold pieces
 32179 | D:15     | Identified the +0 pair of boots "Qyuf" {rN+ Str+3 Int+3
                  | Dex-5} (You bought it in a shop on level 15 of the Dungeon)
 32193 | D:15     | Bought a pair of runed gloves for 262 gold pieces
 32402 | Snake:1  | Entered Level 1 of the Snake Pit
 32421 | Snake:1  | Noticed Kirke
 32434 | Snake:1  | Reached XP level 16. HP: 94/127 MP: 1/16
 32438 | Snake:1  | Killed Kirke
 32586 | Snake:1  | Noticed Asterion
 32725 | Snake:1  | Noticed an Executioner
 32740 | Lair:2   | Killed Asterion
 32851 | Snake:1  | Reached skill level 12 in Fighting
 33661 | Snake:2  | Noticed Aizul
 33674 | Snake:2  | Killed Aizul
 33781 | Snake:2  | Reached skill level 1 in Maces & Flails
 34955 | Snake:3  | Identified the +10 falchion of Iffosh {drain, rElec}
 35576 | Snake:3  | Found Zetwy's Antique Weapon Shop.
 36054 | Snake:4  | Entered Level 4 of the Snake Pit
 36056 | Snake:4  | Found a flickering gateway to a bazaar.
 36086 | Snake:4  | Found Wupyrr's General Store.
 36086 | Snake:4  | Found Queq's Specific Store.
 36088 | Bazaar   | Entered a bazaar
 36088 | Bazaar   | Found Iwenof's Book Shop.
 36088 | Bazaar   | Found Cief's Weapon Shop.
 36088 | Bazaar   | Found Icingesa's Armour Shoppe.
 36118 | Bazaar   | Found Lisea's Distillery.
 36181 | Bazaar   | Bought the +8 orange crystal plate armour {Archmagi, Int+3
                  | Clar} for 2167 gold pieces
 36181 | Bazaar   | Found the +8 orange crystal plate armour {Archmagi, Int+3
                  | Clar}
 36309 | Snake:4  | Reached skill level 10 in Shields
 36453 | Snake:4  | Learned a level 1 spell: Summon Small Mammal
 36457 | Snake:4  | Learned a level 3 spell: Call Canine Familiar
 36462 | Snake:4  | Learned a level 4 spell: Summon Lightning Spire
 36466 | Snake:4  | Learned a level 3 spell: Summon Guardian Golem
 36851 | Snake:4  | Found Kito's General Store.
 37014 | Snake:4  | Reached skill level 1 in Spellcasting
 37014 | Snake:4  | Reached skill level 1 in Summonings
 37093 | Snake:4  | Reached XP level 17. HP: 128/135 MP: 6/18
 37499 | Snake:4  | Found the +4 Cigotuvi's embrace {rMiasma Drain rN+}
 37654 | Snake:4  | Identified the +1 leather armour of Qazlal {Dex+2}
 37830 | Snake:4  | Reached skill level 13 in Fighting
 38365 | Snake:4  | Noticed Vashnia
 38396 | Snake:4  | Killed Vashnia
 38414 | Snake:4  | Got a serpentine rune of Zot
 38972 | Spider:1 | Entered Level 1 of the Spider Nest
 39215 | Spider:1 | You fall into a shaft and drop 1 floor!
 39829 | Spider:1 | Reached skill level 5 in Maces & Flails
 40333 | Spider:1 | Found a runed translucent door.
 40478 | Spider:1 | Noticed oldriver's ghost (journeyman FeSu)
 40489 | Spider:1 | Killed oldriver's ghost
 41607 | Spider:2 | Found a transporter.
 41619 | Spider:2 | Found a transporter.
 42044 | Spider:2 | Got the +2 pair of boots of Veonun {rPois}
 42626 | Spider:3 | Gained mutation: You are completely covered in molten
                  | scales. (AC +4, rF+) [demonic ancestry]
 42626 | Spider:3 | Reached XP level 18. HP: 137/144 MP: 19/24
 42964 | Spider:3 | Reached skill level 5 in Summonings
 42967 | Spider:3 | Noticed Bai Suzhen
 43929 | Spider:3 | Noticed Louise
 43932 | Spider:3 | Cast into level 3 of the Abyss (Louise)
 44019 | Abyss:3  | Found a corrupted altar of Lugonu.
 44070 | Abyss:3  | Gained mutation: You are frail. (-10% HP) [a neqoxec]
 44211 | Abyss:3  | HP: 6/130 [cacodemon (7)]
 44485 | Abyss:3  | Found a hide-covered altar of Uskayaw.
 44485 | Abyss:3  | Found a radiant altar of Vehumet.
 44485 | Abyss:3  | Found a hazy altar of Hepliaklqana.
 44485 | Abyss:3  | Found a broken altar of Ashenzari.
 44485 | Abyss:3  | Found a shimmering blue altar of Sif Muna.
 44485 | Abyss:3  | Found an ornate altar of the Wu Jian Council.
 44485 | Abyss:3  | Found a basalt altar of Yredelemnul.
 44485 | Abyss:3  | Found an iron altar of Okawaru.
 44485 | Abyss:3  | Found a sparkling altar of Nemelex Xobeh.
 44485 | Abyss:3  | Found a snail-covered altar of Cheibriados.
 44485 | Abyss:3  | Found a bloodstained altar of Trog.
 44485 | Abyss:3  | Found an opulent altar of Gozag.
 44485 | Abyss:3  | Found a burning altar of Makhleb.
 44485 | Abyss:3  | Found a stormy altar of Qazlal.
 44485 | Abyss:3  | Found a shimmering altar of Xom.
 44485 | Abyss:3  | Found an ancient bone altar of Kikubaaqudgha.
 44485 | Abyss:3  | Found a shadowy altar of Dithmenos.
 44485 | Abyss:3  | Found an ornate altar of the Wu Jian Council.
 44768 | Abyss:3  | Reached skill level 5 in Spellcasting
 44775 | Abyss:3  | Found a shimmering blue altar of Sif Muna.
 44775 | Abyss:3  | Found a snail-covered altar of Cheibriados.
 44775 | Abyss:3  | Found an ancient bone altar of Kikubaaqudgha.
 44784 | Spider:3 | Escaped the Abyss
 44792 | Spider:3 | Killed Louise
 45126 | D:15     | Bought the +10 morningstar "Eos" {elec, Halo rElec} for
                  | 2590 gold pieces
 45126 | D:15     | Found the +10 morningstar "Eos" {elec, Halo rElec}
 45137 | D:15     | Gained mutation: You tend to lose your temper in combat.
                  | [mutagenic glow]
 45438 | Spider:3 | Killed Bai Suzhen
 46155 | Spider:4 | Entered Level 4 of the Spider Nest
 46918 | Spider:4 | Reached skill level 14 in Fighting
 47051 | Spider:4 | Noticed Arachne
 47684 | Spider:3 | Killed Arachne
 49922 | Spider:4 | Identified the +1 leather armour "Labbua Ostrib" {rCorr
                  | Stlth+}
 49960 | Spider:4 | Gained mutation: Your touch may inflict irresistible damage
                  | on your foes. [demonic ancestry]
 49960 | Spider:4 | Reached XP level 19. HP: 135/137 MP: 21/26
 50500 | Spider:4 | Got a gossamer rune of Zot
 50753 | Lair:3   | Lost mutation: You are frail. (-10% HP) [potion of
                  | mutation]
 50753 | Lair:3   | Lost mutation: You tend to lose your temper in combat.
                  | [potion of mutation]
 50753 | Lair:3   | Gained mutation: Your body sometimes deteriorates upon
                  | taking damage. [potion of mutation]
 50754 | Lair:3   | Lost mutation: Your body sometimes deteriorates upon taking
                  | damage. [potion of mutation]
 50754 | Lair:3   | Gained mutation: You are agile. (Dex +2) [potion of
                  | mutation]
 50797 | Lair:3   | Upgraded the game from 0.28-a0-1412-gf95308ed99 to
                  | 0.28-a0-1415-g7c84da036a
 51026 | Vaults:1 | Entered Level 1 of the Vaults
 51162 | Elf:1    | Entered Level 1 of the Elven Halls
 52061 | Elf:1    | Cast into level 2 of the Abyss (a deep elf demonologist)
 52085 | Abyss:2  | Found a corrupted altar of Lugonu.
 52532 | Abyss:2  | HP: 6/153 [smoke demon/divine providence (11)]
 53635 | Elf:1    | Escaped the Abyss
 53637 | Elf:1    | Noticed a Tzitzimitl
 53674 | Elf:1    | You fall into a shaft and drop 1 floor!
 53725 | Elf:2    | Paralysed by an air elemental for 1 turns
 53985 | Elf:2    | Found a runed translucent gate.
 53985 | Elf:2    | Found a runed translucent gate.
 53986 | Elf:2    | Found a runed translucent gate.
 54583 | Elf:2    | Reached skill level 10 in Maces & Flails
 54729 | Elf:2    | Reached skill level 15 in Fighting
 54949 | Elf:2    | Found Tufael's Jewellery Emporium.
 54949 | Elf:2    | Found Cepail's Book Boutique.
 54950 | Elf:2    | Found Unuagaxo's Jewellery Emporium.
 54956 | Elf:2    | Bought a +4 ring of slaying for 1170 gold pieces
 56294 | Vaults:1 | Gained mutation: You punish those that try to bend your
                  | will. (Will+) [demonic ancestry]
 56294 | Vaults:1 | Reached XP level 20. HP: 143/163 MP: 3/27
 57776 | Vaults:1 | Reached skill level 16 in Fighting
 59087 | Vaults:2 | You fall into a shaft and drop 1 floor!
 60549 | Vaults:2 | Reached skill level 17 in Fighting
 61295 | Vaults:2 | Reached XP level 21. HP: 174/174 MP: 25/28
 62184 | Vaults:3 | Learned a level 5 spell: Summon Forest
 62190 | Vaults:3 | Learned a level 5 spell: Summon Mana Viper
 62197 | Vaults:3 | Learned a level 6 spell: Summon Cactus Giant
 62622 | Vaults:3 | Found a staircase to the Crypt.
 64489 | Vaults:3 | Found a staircase to the Crypt.
 64720 | Vaults:4 | Paralysed by a sphinx for 3 turns
 67070 | Elf:2    | Bought the ring "Pism" {rPois rF+ rC+ SInv} for 711 gold
                  | pieces
 67545 | Vaults:5 | Entered Level 5 of the Vaults
 67546 | Vaults:5 | Noticed a dread lich
 67560 | Vaults:5 | Killed a dread lich
 67561 | Vaults:5 | Reached skill level 18 in Fighting
 67907 | Vaults:5 | Noticed an ancient lich
 67928 | Vaults:5 | Killed an ancient lich
 67970 | Vaults:5 | Gained mutation: You are completely covered in sharp
                  | spines. [demonic ancestry]
 67970 | Vaults:5 | Reached XP level 22. HP: 93/184 MP: 22/33
 68520 | Vaults:5 | Identified the ring "Leaz" {+Blink Str+5 Int+6 Slay-6}
 68876 | Vaults:5 | Identified the +7 hand axe of Gysikhin {speed, Will+}
 68897 | Vaults:5 | Identified the +6 hunting sling of Action {flame, *Corrode
                  | rN+ Int+7 Dex+2 SInv}
 68900 | Vaults:5 | Identified the +5 battleaxe of Lies {vorpal, Fragile rPois
                  | rCorr Int+2}
 69251 | Vaults:5 | Noticed an ancient lich
 69267 | Vaults:5 | HP: 7/185 [vault warden (11)]
 69271 | Vaults:5 | HP: 3/185 [ettin (6)]
 69271 | Vaults:5 | Slain by an ettin

Illustrated notes

Levels and vault maps discovered:
D:1:      amcnicky_arrival_abandoned_market, layout_basic
D:2:      layout_basic, chequers_ecumenical_altar_simple_redux,
          minmay_liquid_box, uniq_crazy_yiuf_cottage
D:3:      layout_basic, nicolae_qazlal_general_emergency
D:4:      layout_basic, minmay_overflow_temple_star_hex
D:5:      layout_loops_cross
D:6:      layout_cave_pools
D:7:      layout_rooms, minmay_temple_entry_arrows
D:8:      layout_loops_cross, uniq_maurice
D:9:      layout_cave_pools, minmay_misc_feat_nine_boxes, uniq_psyche
D:10:     layout_stronghold, serial_shops, nicolae_shop_waterfront, uniq_erica,
          uniq_fannar
D:11:     layout_grid_maze, dpeg_lair_monsters,
          kennysheep_orc_monster_closet_entryway
D:12:     layout_layer_cave, uniq_azrael
D:13:     layout_roguey, david_vaults_4, nicolae_hepliaklqana_monster_ancestors
D:14:     layout_roguey, serial_undead, serial_undead_f, serial_undead_e,
          serial_undead_f, serial_undead_d, serial_park_square1
          [serial_park_minivault_5x5_1], uniq_nessos
D:15:     grunt_enter_depths_giant_problem, layout_irregular_city
Lair:1:   layout_gridlike, beast_lair_carwin_1
Lair:2:   beast_lair_carwin_large_2, layout_gridlike, dummy_snake_entry,
          dummy_spider_entry
Lair:3:   layout_layer_cave, kennysheep_basilisk_garden, lemuel_fruit_tree,
          grunt_megastairs_4
Lair:4:   layout_gridlike
Lair:5:   layout_roguey, minmay_slime_entry_oklob_open, minivault_26
Lair:6:   minmay_lair_end_frog_pond, layout_regular_city,
          maelrawn_ghost_gauntlet_escape, infiniplex_staircase_pool
Snake:1:  layout_rooms, serial_bayou_shore_b, uniq_asterion, uniq_kirke
Snake:2:  layout_cave_pods, uniq_aizul
Snake:3:  layout_gridlike, serial_shops, nicolae_shop_waterfront,
          nicolae_snake_gridmaze_waves, nicolae_snake_coiling_death,
          grunt_megastairs_1
Snake:4:  grunt_snake_rune_serpentine_throne, layout_cave_town, serial_shops,
          bzr_entry_water, nicolae_diamond_shop, nicolae_specific_store,
          serial_bayou_lagoon_b
Spider:1: layout_spider_delve, ebering_ghost_reflecting_pool
Spider:2: gammafunk_boulding_lane, nicolae_spider_nook
Spider:3: layout_spider_delve, nicolae_looking_at_the_future,
          hangedman_spider_tarantella_strand, uniq_louise, uniq_bai_suzhen
Spider:4: johnstein_spider_rune_arachne_lair
Orc:1:    layout_caves, guppyfry_library_mini, uniq_harold
Orc:2:    st_orc_ogre_mass, layout_caves
Elf:1:    minmay_elf_arrival_plus, layout_geoelf_grid, hangedman_elf_represent
Elf:2:    nicolae_elf_blades_splatter_lattice
          [nicolae_blade_entry_crossed_weapons], layout_gridlike,
          minmay_shop_grove
Vaults:1: nicolae_vaults_network_star, vaults_dpeg_encased_lava,
          hangedman_vaults_stretched_pinwheel, nicolae_vaults_rhombus_7,
          v_pattern_1, nicolae_vaults_yaktaur_gun_rack, vaults_dpeg_hooks,
          v_misc_27, vaults_mumra_hex, layout_vaults_omnigrid
Vaults:2: nicolae_vaults_alarming, ontoclasm_vaults_ligature,
          hangedman_vaults_river_flow, v_misc_26, hangedman_vaults_capsules,
          ontoclasm_vaults_idyll, ontoclasm_vaults_claustrophobia, v_misc_16,
          hangedman_vaults_nodes, ontoclasm_vaults_eye, nicolae_vaults_theta,
          v_misc_13, grunt_vaults_diagonal, layout_vaults_big_room
Vaults:3: nicolae_vaults_big_ls, grunt_vaults_hallway_long, v_misc_26,
          v_pattern_3, nicolae_vaults_network_s, v_misc_5,
          nicolae_vaults_three_branches, vaults_room_grid,
          minmay_crypt_entry_simple_statues, serial_ice_h, grunt_vaults_focal,
          layout_vaults_omnibox
Vaults:4: nicolae_vaults_network_square, v_misc_24,
          hangedman_vaults_hard_town_square, v_misc_27, v_misc_18,
          vaults_room_large_hall, ontoclasm_vaults_decontamination,
          nicolae_vaults_border_crossing, layout_vaults_maze_snakey
Vaults:5

Skill      XL: |  1  2  3  4  5  6  7  8  9 10 11 12 13 14 15 16 17 18 19 20 21 22 |
---------------+-------------------------------------------------------------------+-----
Throwing       | 2 3 4 5 6 7 8 9 10 | 10.9
Axes           | 3 4 5 6 7 8 9 10 11 | 11.2
Dodging        | 3 4 5 6 7 8 9 10 11 12 13 | 13.7
Armour         | 1 2 3 4 5 6 7 8 9 10 11 12 13 14 | 14.8
Fighting       | 3 4 5 6 7 8 9 10 11 12 13 14 15 17 18 | 18.5
Evocations     | 1 2 3 4 5 6 7 8 9 10 11 | 11.7
Shields        | 2 4 5 6 8 9 10 11 12 13 | 13.8
Maces & Flails | 3 5 8 11 14 | 14.5
Spellcasting   | 1 4 5 7 8 |  8.3
Summonings     | 1 4 5 8 9 |  9.1

Action                   |  1- 3 |  4- 6 |  7- 9 | 10-12 | 13-15 | 16-18 | 19-21 | 22-24 || total
-------------------------+-------+-------+-------+-------+-------+-------+-------+-------++-------
Melee: War axe           |    31 |       |       |       |       |       |       |       ||    31
       Quarterstaff      |       |    73 |    41 |       |       |       |       |       ||   114
       Broad axe         |       |       |    46 |   260 |   653 |   739 |       |       ||  1698
       Morningstar       |       |       |       |       |       |   370 |  1718 |   246 ||  2334
 Fire: Arbalest          |    57 |     6 |    35 |       |       |       |       |       ||    98
Throw: Dart              |       |       |       |     6 |     1 |     5 |       |       ||    12
       Throwing net      |       |       |       |     1 |       |       |       |       ||     1
       Boomerang         |       |       |       |    38 |    43 |     1 |       |       ||    82
       Javelin           |       |       |       |       |     7 |     3 |     5 |       ||    15
Invok: Call Merchant     |       |       |       |       |     4 |       |       |       ||     4
       Potion Petition   |       |       |       |       |       |       |     4 |       ||     4
Evoke: Wand              |       |       |       |     3 |     2 |     5 |       |       ||    10
  Use: Potion            |       |     2 |       |       |     3 |    12 |     6 |       ||    23
       Scroll            |       |       |       |    18 |     8 |    15 |    11 |       ||    52
 Stab: Distracted        |       |       |     1 |     2 |    16 |    26 |    19 |     4 ||    68
       Invisible         |       |       |       |       |     1 |    18 |     9 |     6 ||    34
       Held in net/web   |       |       |       |       |       |     1 |       |       ||     1
Armor: Leather armour    |    12 |       |       |    11 |       |       |       |       ||    23
       Scale mail        |     8 |    38 |    62 |   151 |   327 |   107 |       |       ||   693
       Crystal plate arm |       |       |       |       |       |  1089 |   942 |   106 ||  2137
Dodge: Dodged            |    48 |    45 |    84 |   140 |   378 |   722 |   556 |    64 ||  2037
Block: Kite shield       |       |       |       |   120 |   358 |   890 |   903 |    97 ||  2368

Table legend: (Time is in decaauts)
 A = Elapsed time spent in this place.
 B = Non-inter-level travel time spent in this place.
 C = Inter-level travel time spent in this place.
 D = Time resting spent in this place.
 E = Time spent auto-exploring this place.
 F = Levels seen in this place.
 G = Mean time per level.
                   A        B        C        D        E       F      G
               +--------+--------+--------+--------+--------+-----+--------+
         Total |  69825 |  65603 |   4222 |   6790 |  47841 |  41 | 1703.0 |
       Dungeon |  20219 |  18564 |   1655 |   1831 |  14299 |  15 | 1347.9 |
          Lair |  10694 |   9734 |    960 |    827 |   7551 |   6 | 1782.3 |
     Snake Pit |   6262 |   6024 |    238 |    278 |   4724 |   4 | 1565.5 |
   Spider Nest |  10622 |  10223 |    399 |   1010 |   7597 |   4 | 2655.5 |
  Orcish Mines |   3575 |   3431 |    144 |    909 |   1841 |   2 | 1787.5 |
   Elven Halls |   3542 |   3350 |    192 |      0 |   2679 |   2 | 1771.0 |
        Vaults |  12369 |  11738 |    631 |   1087 |   8483 |   5 | 2473.8 |
         Abyss |   2439 |   2439 |      0 |    848 |    590 |   2 | 1219.5 |
        Bazaar |     99 |     99 |      0 |      0 |     75 |   1 |   99.0 |
               +--------+--------+--------+--------+--------+-----+--------+

Top non-repeatable levels by time:
Spider:3: 4367 daAuts
Vaults:3: 3340 daAuts
Vaults:1: 2919 daAuts
Spider:1: 2812 daAuts
 Snake:4: 2760 daAuts
    D:12: 2412 daAuts
Vaults:2: 2383 daAuts
Vaults:4: 2356 daAuts
Spider:4: 2291 daAuts
   Orc:1: 2271 daAuts
    D:10: 2259 daAuts
    D:13: 2147 daAuts
    D:11: 2121 daAuts
  Lair:2: 2118 daAuts
   Elf:2: 1941 daAuts
